Workbook

Sheet 0. RESUMEN
D1: LINEAS PAA
D2: VALOR LINEAS
A3: GRUPO/LOTE | B3: PLATAFORMA | C3: VENCIMIENTO PROXIMO | D3: VALOR ESTUDIO DE MERCADO
A4: 1 | B4: REDHAT | C4: 46338 | D4: ='1. REDHAT'!Q15 -> 1391343339
A5: 2 | B5: FORTINET | C5: 46316 | D5: ='2. FORTINET'!R14 -> 2152559157
A6: 3 | B6: TRELLIX | C6: 46333 | D6: ='3. TRELLIX'!P17 -> 497658000
A7: 4 | B7: CHECKPOINT | C7: 46236 | D7: ='4. CHECKPOINT'!Q16 -> 1748466483
A8: 5 | B8: OPENTEX | C8: 46006 | D8: ='5. OPENTEXT'!P11 -> 119943831
A9: 6 | B9: RECAPTCHA | C9: - | D9: ='6. RECAPTCHA'!O10 -> 18851250
A10: 7 | B10: ZOOM | C10: 46373 | D10: ='7. ZOOM'!P8 -> 59347456
A11: 8 | B11: ADOBE | C11: 46347 | D11: ='8. ADOBE'!Q9 -> 52997466
A12: 9 | B12: AUTOCAD | C12: 46346 | D12: ='9. AUTOCAD'!P8 -> 9321210
A13: 10 | B13: PLUMSAIL | C13: 46352 | D13: ='10. PLUMSAIL'!N8 -> 30957365
A14: 11 | B14: LICENCIAS WEB | C14: 46294 | D14: ='11. LICENCIAS WEB'!P15 -> 51133447
A15: 12 | B15: INFORMIX | C15: 46173 | D15: ='12. INFORMIX'!Q9 -> 517273500
A16: TOTAL | D16: =SUBTOTAL(9,D4:D15) -> 6649852504

Sheet 1. REDHAT
B1: SUPERINTENDENCIA DE INDUSTRIA Y COMERCIO
B2: ESTUDIO DE MERCADO
M3: Fecha Elaboración | N3: =TODAY() -> 46184
C5: VOLVER | F5: TECHREA | G5: DATA INTEGRAL | H5: SOAINT | I5: GTS | J5: CALCULOS | P5: PRECIOS DE REFERENCIA
B6: ÍTEM | C6: SERIAL | D6: DESCRIPCIÓN DEL BIEN O SERVICIO | E6: CANTIDAD | F6: VALOR UNITARIO INCLUIDO IVA | G6: VALOR UNITARIO INCLUIDO IVA | H6: VALOR UNITARIO INCLUIDO IVA | I6: VALOR UNITARIO INCLUIDO IVA | J6: PROMEDIO VALOR UNITARIO INCLUIDO IVA | K6: DESVIACION ESTANDAR | L6: LIMITE INFERIOR | M6: LIMITE SUPERIOR | N6: PROMEDIO AJUSTADO VALOR UNITARIO INCLUIDO IVA | P6: VALOR UNITARIO INCLUIDO IVA | Q6: VALOR TOTAL INCLUIDO IVA
B7: 1 | C7: RH00006 | D7: Red Hat Enterprise Linux for Virtual Datacenters with Satellite, Premium | E7: 12 | F7: 22755600 | G7: 6476666.7 | H7: 6443333.3 | I7: 6435833.3 | J7: =AVERAGE(F7:I7) -> 10527858 | K7: =_xlfn.STDEV.S(F7:I7) -> 8151847.1 | L7: =J7-K7 -> 2376011.2 | M7: =J7+K7 -> 18679705 | N7: =ROUND(AVERAGEIFS(F7:I7,F7:I7,">="&L7,F7:I7,"<="&M7),0) -> 6451944 | P7: =ROUND(MIN(J7,N7),0) -> 6451944 | Q7: =P7*E7 -> 77423328
B8: 2 | C8: RH00271 | D8: Red Hat Enterprise Linux Extended Life Cycle Support (Unlimited Guests) | E8: 8 | F8: 8312400 | G8: 4751250 | H8: 4725000 | I8: 4718750 | J8: =AVERAGE(F8:I8) -> 5626850 | K8: =_xlfn.STDEV.S(F8:I8) -> 1790422 | L8: =J8-K8 -> 3836428 | M8: =J8+K8 -> 7417272 | N8: =ROUND(AVERAGEIFS(F8:I8,F8:I8,">="&L8,F8:I8,"<="&M8),0) -> 4731667 | P8: =ROUND(MIN(J8,N8),0) -> 4731667 | Q8: =P8*E8 -> 37853336
B9: 3 | C9: RH00059 | D9: High Availability for Unlimited Guests | E9: 12 | F9: 5421600 | G9: 2958333.3 | H9: 2942500 | I9: 2938333.3 | J9: =AVERAGE(F9:I9) -> 3565191.7 | K9: =_xlfn.STDEV.S(F9:I9) -> 1237635.5 | L9: =J9-K9 -> 2327556.1 | M9: =J9+K9 -> 4802827.2 | N9: =ROUND(AVERAGEIFS(F9:I9,F9:I9,">="&L9,F9:I9,"<="&M9),0) -> 2946389 | P9: =ROUND(MIN(J9,N9),0) -> 2946389 | Q9: =P9*E9 -> 35356668
B10: 4 | C10: MW03815 | D10: Red Hat OpenShift Virtualization Engine (Bare Metal Node), Premium (1-2 sockets up to 128 cores) | E10: 12 | F10: 10800000 | G10: 4532500 | H10: 4507500 | I10: 4502500 | J10: =AVERAGE(F10:I10) -> 6085625 | K10: =_xlfn.STDEV.S(F10:I10) -> 3142944.1 | L10: =J10-K10 -> 2942680.9 | M10: =J10+K10 -> 9228569.1 | N10: =ROUND(AVERAGEIFS(F10:I10,F10:I10,">="&L10,F10:I10,"<="&M10),0) -> 4514167 | P10: =ROUND(MIN(J10,N10),0) -> 4514167 | Q10: =P10*E10 -> 54170004
B11: 5 | C11: MW04125 | D11: Red Hat Advanced Cluster Management for Virtualization (Bare Metal Node), Premium (1-2 sockets up to 128 cores) | E11: 12 | F11: 7920000 | G11: 41558333 | H11: 41358333 | I11: 41300000 | J11: =AVERAGE(F11:I11) -> 33034167 | K11: =_xlfn.STDEV.S(F11:I11) -> 16743143 | L11: =J11-K11 -> 16291023 | M11: =J11+K11 -> 49777310 | N11: =ROUND(AVERAGEIFS(F11:I11,F11:I11,">="&L11,F11:I11,"<="&M11),0) -> 41405556 | P11: =ROUND(MIN(J11,N11),0) -> 33034167 | Q11: =P11*E11 -> 396410004
B12: 6 | C12: MW00449 | D12: Red Hat OpenShift Container Platform with Application Foundations, Premium, (16 Cores or 32 vCPUs) | E12: 2 | F12: 297792000 | G12: 178600000 | H12: 177700000 | I12: 177450000 | J12: =AVERAGE(F12:I12) -> 207885500 | K12: =_xlfn.STDEV.S(F12:I12) -> 59939701 | L12: =J12-K12 -> 1.479458e+08 | M12: =J12+K12 -> 2.678252e+08 | N12: =ROUND(AVERAGEIFS(F12:I12,F12:I12,">="&L12,F12:I12,"<="&M12),0) -> 177916667 | P12: =ROUND(MIN(J12,N12),0) -> 177916667 | Q12: =P12*E12 -> 355833334
B13: 7 | C13: MW0153748 | D13: Red Hat JBoss Enterprise Application Platform, 16-Core Premium | E13: 14 | F13: 47520000 | G13: 28514286 | H13: 28364286 | I13: 28314286 | J13: =AVERAGE(F13:I13) -> 33178214 | K13: =_xlfn.STDEV.S(F13:I13) -> 9561568.2 | L13: =J13-K13 -> 23616646 | M13: =J13+K13 -> 42739782 | N13: =ROUND(AVERAGEIFS(F13:I13,F13:I13,">="&L13,F13:I13,"<="&M13),0) -> 28397619 | P13: =ROUND(MIN(J13,N13),0) -> 28397619 | Q13: =P13*E13 -> 397566666
B14: 8 | C14: MCT3694 | D14: Red Hat Ansible Automation Platform, Premium (100 Managed Nodes) | E14: 3 | F14: 69300000 | G14: 12293333 | H14: 12226667 | I14: 12210000 | J14: =AVERAGE(F14:I14) -> 26507500 | K14: =_xlfn.STDEV.S(F14:I14) -> 28528356 | L14: =J14-K14 -> -2020856.1 | M14: =J14+K14 -> 55035856 | N14: =ROUND(AVERAGEIFS(F14:I14,F14:I14,">="&L14,F14:I14,"<="&M14),0) -> 12243333 | P14: =ROUND(MIN(J14,N14),0) -> 12243333 | Q14: =P14*E14 -> 36729999
B15: VALOR TOTAL | F15: =SUM(F7:F14) -> 469821600 | G15: =SUM(G7:G14) -> 2.796847e+08 | H15: =SUM(H7:H14) -> 2.7826762e+08 | I15: =SUM(I7:I14) -> 2.778697e+08 | J15: =SUM(J7:J14) -> 3.2641091e+08 | K15: =SUM(K7:K14) -> 1.2909562e+08 | L15: =SUM(L7:L14) -> 1.9731529e+08 | M15: =SUM(M7:M14) -> 4.5550652e+08 | N15: =SUM(N7:N14) -> 278607342 | P15: =SUM(P7:P14) -> 270235953 | Q15: =SUM(Q7:Q14) -> 1391343339
K18: Elaboró | L18: Ricardo Delgado Montes
L19: Funcionario/Contratista OTI
L20: Responsable Estudio Mercado
K22: Aprobó | L22: Adriana Cetina Hernández
L23: Jefe OTI
L24: Responsable Estudio Mercado

Sheet 2. FORTINET
B1: SUPERINTENDENCIA DE INDUSTRIA Y COMERCIO
B2: ESTUDIO DE MERCADO
N3: Fecha Elaboración | O3: =TODAY() -> 46184
C5: VOLVER | F5: GROW DATA | G5: INGENIUM | H5: GAMMA | I5: WEXLER | J5: STSSA | K5: CALCULOS | Q5: PRECIOS DE REFERENCIA
B6: ÍTEM | C6: SERIAL | D6: DESCRIPCIÓN DEL BIEN O SERVICIO | E6: CANTIDAD | F6: VALOR UNITARIO INCLUIDO IVA | G6: VALOR UNITARIO INCLUIDO IVA | H6: VALOR UNITARIO INCLUIDO IVA | I6: VALOR UNITARIO INCLUIDO IVA | J6: VALOR UNITARIO INCLUIDO IVA | K6: PROMEDIO VALOR UNITARIO INCLUIDO IVA | L6: DESVIACION ESTANDAR | M6: LIMITE INFERIOR | N6: LIMITE SUPERIOR | O6: PROMEDIO AJUSTADO VALOR UNITARIO INCLUIDO IVA | Q6: VALOR UNITARIO INCLUIDO IVA | R6: VALOR TOTAL INCLUIDO IVA
B7: 1 | C7: FSRVMPTM21000656 | D7: FORTISOAR | E7: 1 | F7: 3.7727159e+08 | G7: 3.7255225e+08 | H7: 3.8192198e+08 | I7: 3.7489694e+08 | J7: 3.8202496e+08 | K7: =AVERAGE(F7:J7) -> 3.7773354e+08 | L7: =_xlfn.STDEV.S(F7:J7) -> 4214997 | M7: =K7-L7 -> 3.7351855e+08 | N7: =K7+L7 -> 3.8194854e+08 | O7: =ROUND(AVERAGEIFS(F7:J7,F7:J7,">="&M7,F7:J7,"<="&N7),0) -> 378030170 | Q7: =ROUND(MIN(K7,O7),0) -> 377733545 | R7: =E7*Q7 -> 377733545
B8: 2 | C8: FSA2KET620000040 | D8: Sandbox 2000E | E8: 1 | F8: 3.2241246e+08 | G8: 3.2123481e+08 | H8: 3.3130711e+08 | I8: 3.2729694e+08 | J8: 3.2372164e+08 | K8: =AVERAGE(F8:J8) -> 3.2519459e+08 | L8: =_xlfn.STDEV.S(F8:J8) -> 4104039.4 | M8: =K8-L8 -> 3.2109055e+08 | N8: =K8+L8 -> 3.2929863e+08 | O8: =ROUND(AVERAGEIFS(F8:J8,F8:J8,">="&M8,F8:J8,"<="&N8),0) -> 323666463 | Q8: =ROUND(MIN(K8,O8),0) -> 323666463 | R8: =E8*Q8 -> 323666463
B9: 3 | C9: FCASBR0000000723 | D9: FORTICASB | E9: 2500 | F9: 136784.55 | G9: 135183.62 | H9: 140460.46 | I9: 136961.86 | J9: 139591.76 | K9: =AVERAGE(F9:J9) -> 137796.45 | L9: =_xlfn.STDEV.S(F9:J9) -> 2171.8324 | M9: =K9-L9 -> 135624.62 | N9: =K9+L9 -> 139968.28 | O9: =ROUND(AVERAGEIFS(F9:J9,F9:J9,">="&M9,F9:J9,"<="&N9),0) -> 137779 | Q9: =ROUND(MIN(K9,O9),0) -> 137779 | R9: =E9*Q9 -> 344447500
B10: 4 | C10: FAZ3HGTA21000051 | D10: Analyzer 300G | E10: 1 | F10: 1.1698289e+08 | G10: 1.150666e+08 | H10: 1.2030048e+08 | I10: 1.1722613e+08 | J10: 1.2011246e+08 | K10: =AVERAGE(F10:J10) -> 1.1793771e+08 | L10: =_xlfn.STDEV.S(F10:J10) -> 2234586.3 | M10: =K10-L10 -> 1.1570312e+08 | N10: =K10+L10 -> 1.201723e+08 | O10: =ROUND(AVERAGEIFS(F10:J10,F10:J10,">="&M10,F10:J10,"<="&N10),0) -> 118107157 | Q10: =ROUND(MIN(K10,O10),0) -> 117937710 | R10: =E10*Q10 -> 117937710
B11: 5 | C11: FRNSVC0000000312 | D11: FortiRecon | E11: 1 | F11: 4.9139681e+08 | G11: 4.8646086e+08 | H11: 4.9496252e+08 | I11: 4.8937446e+08 | J11: 4.8794164e+08 | K11: =AVERAGE(F11:J11) -> 4.9002726e+08 | L11: =_xlfn.STDEV.S(F11:J11) -> 3306342 | M11: =K11-L11 -> 4.8672092e+08 | N11: =K11+L11 -> 4.933336e+08 | O11: =ROUND(AVERAGEIFS(F11:J11,F11:J11,">="&M11,F11:J11,"<="&N11),0) -> 489570969 | Q11: =ROUND(MIN(K11,O11),0) -> 489570969 | R11: =E11*Q11 -> 489570969
B12: 6 | C12: FG100FTK21045547 | D12: FortiGate 100F | E12: 1 | F12: 12011258 | G12: 11513315 | H12: 14326748 | I12: 13012462 | J12: 13339219 | K12: =AVERAGE(F12:J12) -> 12840600 | L12: =_xlfn.STDEV.S(F12:J12) -> 1110887.8 | M12: =K12-L12 -> 11729713 | N12: =K12+L12 -> 13951488 | O12: =ROUND(AVERAGEIFS(F12:J12,F12:J12,">="&M12,F12:J12,"<="&N12),0) -> 12787646 | Q12: =ROUND(MIN(K12,O12),0) -> 12787646 | R12: =E12*Q12 -> 12787646
B13: 7 | C13: FSM22GT225900049 | D13: FORTISIEM - FSM-2200G | E13: 1 | F13: 4.8899883e+08 | G13: 4.7850803e+08 | H13: 4.8920125e+08 | I13: 4.8735608e+08 | J13: 4.8801243e+08 | K13: =AVERAGE(F13:J13) -> 4.8641532e+08 | L13: =_xlfn.STDEV.S(F13:J13) -> 4483220.5 | M13: =K13-L13 -> 4.819321e+08 | N13: =K13+L13 -> 4.9089854e+08 | O13: =ROUND(AVERAGEIFS(F13:J13,F13:J13,">="&M13,F13:J13,"<="&N13),0) -> 488392149 | Q13: =ROUND(MIN(K13,O13),0) -> 486415324 | R13: =E13*Q13 -> 486415324
B14: VALOR TOTAL | F14: =SUM(F7:F13) -> 1.8092106e+09 | G14: =SUM(G7:G13) -> 1.785471e+09 | H14: =SUM(H7:H13) -> 1.8321606e+09 | I14: =SUM(I7:I13) -> 1.8093e+09 | J14: =SUM(J7:J13) -> 1.815292e+09 | K14: =SUM(K7:K13) -> 1.8102868e+09 | L14: =SUM(L7:L13) -> 19456245 | M14: =SUM(M7:M13) -> 1.7908306e+09 | ... O14: =SUM(O7:O13) -> 1810692333 | Q14: =SUM(Q7:Q13) -> 1808249436 | R14: =SUM(R7:R13) -> 2152559157
L17: Elaboró | M17: Ricardo Delgado Montes
M18: Funcionario/Contratista OTI
M19: Responsable Estudio Mercado
L21: Aprobó | M21: Adriana Cetina Hernández
M22: Jefe OTI
M23: Responsable Estudio Mercado

Sheet 3. TRELLIX
B1: SUPERINTENDENCIA DE INDUSTRIA Y COMERCIO
B2: ESTUDIO DE MERCADO
L3: Fecha Elaboración | M3: =TODAY() -> 46184
C5: VOLVER | F5: MULTISOFT | G5: PCM | H5: SOFTSECURITY | I5: CALCULOS | O5: PRECIOS DE REFERENCIA
B6: ÍTEM | C6: SERIAL | D6: DESCRIPCIÓN DEL BIEN O SERVICIO | E6: CANTIDAD | F6: VALOR UNITARIO INCLUIDO IVA | G6: VALOR UNITARIO INCLUIDO IVA | H6: VALOR UNITARIO INCLUIDO IVA | I6: PROMEDIO VALOR UNITARIO INCLUIDO IVA | J6: DESVIACION ESTANDAR | K6: LIMITE INFERIOR | L6: LIMITE SUPERIOR | M6: PROMEDIO AJUSTADO VALOR UNITARIO INCLUIDO IVA | O6: VALOR UNITARIO INCLUIDO IVA | P6: VALOR TOTAL INCLUIDO IVA
B7: 1 | C7: IAC650ACARMAI | D7: Advanced RMA (next business day ship) Hardware Support | E7: 1 | F7: 4224500 | G7: 4165000 | H7: 4343500 | I7: =AVERAGE(F7:H7) -> 4244333.3 | J7: =_xlfn.STDEV.S(F7:H7) -> 90887.751 | K7: =I7-J7 -> 4153445.6 | L7: =I7+J7 -> 4335221.1 | M7: =ROUND(AVERAGEIFS(F7:H7,F7:H7,">="&K7,F7:H7,"<="&L7),0) -> 4194750 | O7: =ROUND(MIN(I7,M7),0) -> 4194750 | P7: =E7*O7 -> 4194750
B8: 2 | C8: NYVMAPLNGARMAI | D8: Advanced RMA (next business day ship) Hardware Support | E8: 1 | F8: 20825000 | G8: 20825000 | H8: 19694500 | I8: =AVERAGE(F8:H8) -> 20448167 | J8: =_xlfn.STDEV.S(F8:H8) -> 652694.48 | K8: =I8-J8 -> 19795472 | L8: =I8+J8 -> 21100861 | M8: =ROUND(AVERAGEIFS(F8:H8,F8:H8,">="&K8,F8:H8,"<="&L8),0) -> 20825000 | O8: =ROUND(MIN(I8,M8),0) -> 20448167 | P8: =E8*O8 -> 20448167
B9: 3 | C9: NYVMAPLNGARMAI | D9: Advanced RMA (next business day ship) Hardware Support | E9: 1 | F9: 20825000 | G9: 20825000 | H9: 19694500 | I9: =AVERAGE(F9:H9) -> 20448167 | J9: =_xlfn.STDEV.S(F9:H9) -> 652694.48 | K9: =I9-J9 -> 19795472 | L9: =I9+J9 -> 21100861 | M9: =ROUND(AVERAGEIFS(F9:H9,F9:H9,">="&K9,F9:H9,"<="&L9),0) -> 20825000 | O9: =ROUND(MIN(I9,M9),0) -> 20448167 | P9: =E9*O9 -> 20448167
B10: 4 | C10: IPSNS7150ARMA | D10: Trellix Network Security Manager Software Subscription Standard Edition | E10: 1 | F10: 151130000 | G10: 148750000 | H10: 149345000 | I10: =AVERAGE(F10:H10) -> 1.4974167e+08 | J10: =_xlfn.STDEV.S(F10:H10) -> 1238591.3 | K10: =I10-J10 -> 1.4850308e+08 | L10: =I10+J10 -> 1.5098026e+08 | M10: =ROUND(AVERAGEIFS(F10:H10,F10:H10,">="&K10,F10:H10,"<="&L10),0) -> 149047500 | O10: =ROUND(MIN(I10,M10),0) -> 149047500 | P10: =E10*O10 -> 149047500
B11: 5 | C11: IAC650ACARMAI | D11: Advanced RMA (next business day ship) Hardware Support | E11: 1 | F11: 4224500 | G11: 4165000 | H11: 4343500 | I11: =AVERAGE(F11:H11) -> 4244333.3 | J11: =_xlfn.STDEV.S(F11:H11) -> 90887.751 | K11: =I11-J11 -> 4153445.6 | L11: =I11+J11 -> 4335221.1 | M11: =ROUND(AVERAGEIFS(F11:H11,F11:H11,">="&K11,F11:H11,"<="&L11),0) -> 4194750 | O11: =ROUND(MIN(I11,M11),0) -> 4194750 | P11: =E11*O11 -> 4194750
B12: 6 | C12: RBIAC4P1GMM62MODI | D12: Advanced RMA (next business day ship) Hardware Support | E12: 1 | F12: 20825000 | G12: 20884500 | H12: 19694500 | I12: =AVERAGE(F12:H12) -> 20468000 | J12: =_xlfn.STDEV.S(F12:H12) -> 670530.95 | K12: =I12-J12 -> 19797469 | L12: =I12+J12 -> 21138531 | M12: =ROUND(AVERAGEIFS(F12:H12,F12:H12,">="&K12,F12:H12,"<="&L12),0) -> 20854750 | O12: =ROUND(MIN(I12,M12),0) -> 20468000 | P12: =E12*O12 -> 20468000
B13: 7 | C13: NS75X03ECE-AT-AI | D13: Trellix IPS NS7500 - 3Gbps Software license (Throughput based entitlement) | E13: 1 | F13: 151130000 | G13: 148750000 | H13: 149345000 | I13: =AVERAGE(F13:H13) -> 1.4974167e+08 | J13: =_xlfn.STDEV.S(F13:H13) -> 1238591.3 | K13: =I13-J13 -> 1.4850308e+08 | L13: =I13+J13 -> 1.5098026e+08 | M13: =ROUND(AVERAGEIFS(F13:H13,F13:H13,">="&K13,F13:H13,"<="&L13),0) -> 149047500 | O13: =ROUND(MIN(I13,M13),0) -> 149047500 | P13: =E13*O13 -> 149047500
B14: 8 | C14: RBIPSNS7500ARMAI | D14: Trellix Network Security Manager Software Subscription Standard Edition | E14: 1 | F14: 66045000 | G14: 68425000 | H14: 65450000 | I14: =AVERAGE(F14:H14) -> 66640000 | J14: =_xlfn.STDEV.S(F14:H14) -> 1574222 | K14: =I14-J14 -> 65065778 | L14: =I14+J14 -> 68214222 | M14: =ROUND(AVERAGEIFS(F14:H14,F14:H14,">="&K14,F14:H14,"<="&L14),0) -> 65747500 | O14: =ROUND(MIN(I14,M14),0) -> 65747500 | P14: =E14*O14 -> 65747500
B15: 9 | C15: NMSECE-AA-AI | D15: Advanced RMA (next business day ship) Hardware Support | E15: 1 | F15: 32725000 | G15: 31237500 | H15: 32130000 | I15: =AVERAGE(F15:H15) -> 32030833 | J15: =_xlfn.STDEV.S(F15:H15) -> 748691.91 | K15: =I15-J15 -> 31282141 | L15: =I15+J15 -> 32779525 | M15: =ROUND(AVERAGEIFS(F15:H15,F15:H15,">="&K15,F15:H15,"<="&L15),0) -> 32427500 | O15: =ROUND(MIN(I15,M15),0) -> 32030833 | P15: =E15*O15 -> 32030833
B16: 10 | C16: NMSECE-AA-AI | D16: Business Software Support & 1yr Advance RMA (next business day ship) Hardware Support | E16: 1 | F16: 32725000 | G16: 31237500 | H16: 32130000 | I16: =AVERAGE(F16:H16) -> 32030833 | J16: =_xlfn.STDEV.S(F16:H16) -> 748691.91 | K16: =I16-J16 -> 31282141 | L16: =I16+J16 -> 32779525 | M16: =ROUND(AVERAGEIFS(F16:H16,F16:H16,">="&K16,F16:H16,"<="&L16),0) -> 32427500 | O16: =ROUND(MIN(I16,M16),0) -> 32030833 | P16: =E16*O16 -> 32030833
B17: VALOR TOTAL | F17: =SUM(F7:F16) -> 504679000 | G17: =SUM(G7:G16) -> 499264500 | H17: =SUM(H7:H16) -> 496170500 | I17: =SUM(I7:I16) -> 5.00038e+08 | J17: =SUM(J7:J16) -> 7706483.8 | K17: =SUM(K7:K16) -> 4.9233152e+08 | L17: =SUM(L7:L16) -> 5.0774448e+08 | M17: =SUM(M7:M16) -> 499591750 | O17: =SUM(O7:O16) -> 497658000 | P17: =SUM(P7:P16) -> 497658000
J20: Elaboró | K20: Ricardo Delgado Montes
K21: Funcionario/Contratista OTI
K22: Responsable Estudio Mercado
J24: Aprobó | K24: Adriana Cetina Hernández
K25: Jefe OTI
K26: Responsable Estudio Mercado

Sheet 4. CHECKPOINT
B1: SUPERINTENDENCIA DE INDUSTRIA Y COMERCIO
B2: ESTUDIO DE MERCADO
M3: Fecha Elaboración | N3: =TODAY() -> 46184
C5: VOLVER | F5: IT SERVICIOS | G5: SAFE ID | H5: SOFTSECURITY | I5: TIVOLI | J5: CALCULOS | P5: PRECIOS DE REFERENCIA
B6: ÍTEM | C6: SERIAL | D6: DESCRIPCIÓN DEL BIEN O SERVICIO | E6: CANTIDAD | F6: VALOR UNITARIO INCLUIDO IVA | G6: VALOR UNITARIO INCLUIDO IVA | H6: VALOR UNITARIO INCLUIDO IVA | I6: VALOR UNITARIO INCLUIDO IVA | J6: PROMEDIO VALOR UNITARIO INCLUIDO IVA | K6: DESVIACION ESTANDAR | L6: LIMITE INFERIOR | M6: LIMITE SUPERIOR | N6: PROMEDIO AJUSTADO VALOR UNITARIO INCLUIDO IVA | P6: VALOR UNITARIO INCLUIDO IVA | Q6: VALOR TOTAL INCLUIDO IVA
B7: 1 | C7: CPES-SS-STANDARD | D7: CloudGuard Network virtual Core for Azure Gateway. Annual subscription for 1 year | E7: 1 | F7: 95200000 | G7: 95200000 | H7: 92820000 | I7: 94605000 | J7: =AVERAGE(F7:I7) -> 94456250 | K7: =_xlfn.STDEV.S(F7:I7) -> 1126316.8 | L7: =J7-K7 -> 93329933 | M7: =J7+K7 -> 95582567 | N7: =ROUND(AVERAGEIFS(F7:I7,F7:I7,">="&L7,F7:I7,"<="&M7),0) -> 95001667 | P7: =ROUND(MIN(J7,N7),0) -> 94456250 | Q7: =E7*P7 -> 94456250
B8: 2 | C8: CPES-SS-STANDARD-ADD | D8: Consola Smart-1 600-M Plus Gen-6Security Management,Log and SmartEvent appliance for 50 gateways (SmartEvent and Compliance 1 year) | E8: 1 | F8: 59500000 | G8: 59500000 | H8: 59500000 | I8: 59500000 | J8: =AVERAGE(F8:I8) -> 59500000 | K8: =_xlfn.STDEV.S(F8:I8) -> 0 | L8: =J8-K8 -> 59500000 | M8: =J8+K8 -> 59500000 | N8: =ROUND(AVERAGEIFS(F8:I8,F8:I8,">="&L8,F8:I8,"<="&M8),0) -> 59500000 | P8: =ROUND(MIN(J8,N8),0) -> 59500000 | Q8: =E8*P8 -> 59500000
B9: 3 | C9: CPSB-EVS-COMP-50-1Y | D9: SmartEvent, SmartReporter and Compliance blades for 50 gateways (Smart-1 and open server) 1 year subscription | E9: 1 | F9: 181475000 | G9: 181118000 | H9: 178500000 | I9: 177905000 | J9: =AVERAGE(F9:I9) -> 179749500 | K9: =_xlfn.STDEV.S(F9:I9) -> 1808643.4 | L9: =J9-K9 -> 1.7794086e+08 | M9: =J9+K9 -> 1.8155814e+08 | N9: =ROUND(AVERAGEIFS(F9:I9,F9:I9,">="&L9,F9:I9,"<="&M9),0) -> 180364333 | P9: =ROUND(MIN(J9,N9),0) -> 179749500 | Q9: =E9*P9 -> 179749500
B10: 4 | C10: CPSG-VSEC-AZURE-BUN-NGTX-REN-1Y | D10: Azure Cloud Renewal. Integrating Check Point's Next Generation Threat Prevention and SandBlast (NGTX) subscription for 1 year | E10: 1 | F10: 38080000 | G10: 38080000 | H10: 41650000 | I10: 39567500 | J10: =AVERAGE(F10:I10) -> 39344375 | K10: =_xlfn.STDEV.S(F10:I10) -> 1689475.2 | L10: =J10-K10 -> 37654900 | M10: =J10+K10 -> 41033850 | N10: =ROUND(AVERAGEIFS(F10:I10,F10:I10,">="&L10,F10:I10,"<="&M10),0) -> 38575833 | P10: =ROUND(MIN(J10,N10),0) -> 38575833 | Q10: =E10*P10 -> 38575833
B11: 5 | C11: CPSB-SNBT-9800-PLUS-1Y | D11: Next Generation Threat Prevention and Sandblast for additional 1 year for 9800 PLUS Appliance | E11: 2 | F11: 214200000 | G11: 214200000 | H11: 211225000 | I11: 213010000 | J11: =AVERAGE(F11:I11) -> 213158750 | K11: =_xlfn.STDEV.S(F11:I11) -> 1405930.1 | L11: =J11-K11 -> 2.1175282e+08 | M11: =J11+K11 -> 2.1456468e+08 | N11: =ROUND(AVERAGEIFS(F11:I11,F11:I11,">="&L11,F11:I11,"<="&M11),0) -> 213803333 | P11: =ROUND(MIN(J11,N11),0) -> 213158750 | Q11: =E11*P11 -> 426317500
B12: 6 | C12: CPES-SS-PREMIUM-ADD | D12: Enterprise Software Subscription and Premium Support additional product | E12: 1 | F12: 151011000 | G12: 151617900 | H12: 148750000 | I12: 154402500 | J12: =AVERAGE(F12:I12) -> 151445350 | K12: =_xlfn.STDEV.S(F12:I12) -> 2325803.2 | L12: =J12-K12 -> 1.4911955e+08 | M12: =J12+K12 -> 1.5377115e+08 | N12: =ROUND(AVERAGEIFS(F12:I12,F12:I12,">="&L12,F12:I12,"<="&M12),0) -> 151314450 | P12: =ROUND(MIN(J12,N12),0) -> 151314450 | Q12: =E12*P12 -> 151314450
B13: 7 | C13: CPES-SS-PREMIUM-ADD | D13: Enterprise Software Subscription and Premium Support additional product | E13: 1 | F13: 151011000 | G13: 151617900 | H13: 148750000 | I13: 154402500 | J13: =AVERAGE(F13:I13) -> 151445350 | K13: =_xlfn.STDEV.S(F13:I13) -> 2325803.2 | L13: =J13-K13 -> 1.4911955e+08 | M13: =J13+K13 -> 1.5377115e+08 | N13: =ROUND(AVERAGEIFS(F13:I13,F13:I13,">="&L13,F13:I13,"<="&M13),0) -> 151314450 | P13: =ROUND(MIN(J13,N13),0) -> 151314450 | Q13: =E13*P13 -> 151314450
B14: 8 | C14: CPES-SS-PREMIUM | D14: Enterprise SW Subscription and Premium Support | E14: 1 | F14: 144585000 | G14: 144525500 | H14: 145180000 | I14: 145775000 | J14: =AVERAGE(F14:I14) -> 145016375 | K14: =_xlfn.STDEV.S(F14:I14) -> 585755.26 | L14: =J14-K14 -> 1.4443062e+08 | M14: =J14+K14 -> 1.4560213e+08 | N14: =ROUND(AVERAGEIFS(F14:I14,F14:I14,">="&L14,F14:I14,"<="&M14),0) -> 144763500 | P14: =ROUND(MIN(J14,N14),0) -> 144763500 | Q14: =E14*P14 -> 144763500
B15: 9 | C15: CP-HAR-EP-ADVANCED-REN-1Y | D15: Antivirus Harmony End Point Advanced | E15: 2020 | F15: 247500 | G15: 247500 | H15: 250000 | I15: 250000 | J15: =AVERAGE(F15:I15) -> 248750 | K15: =_xlfn.STDEV.S(F15:I15) -> 1443.3757 | L15: =J15-K15 -> 247306.62 | M15: =J15+K15 -> 250193.38 | N15: =ROUND(AVERAGEIFS(F15:I15,F15:I15,">="&L15,F15:I15,"<="&M15),0) -> 248750 | P15: =ROUND(MIN(J15,N15),0) -> 248750 | Q15: =E15*P15 -> 502475000
B16: VALOR TOTAL | F16: =SUM(F7:F15) -> 1035309500 | G16: =SUM(G7:G15) -> 1036106800 | H16: =SUM(H7:H15) -> 1026625000 | I16: =SUM(I7:I15) -> 1039417500 | J16: =SUM(J7:J15) -> 1034364700 | K16: =SUM(K7:K15) -> 11269171 | L16: =SUM(L7:L15) -> 1.0230955e+09 | M16: =SUM(M7:M15) -> 1.0456339e+09 | N16: =SUM(N7:N15) -> 1034886316 | P16: =SUM(P7:P15) -> 1033081483 | Q16: =SUM(Q7:Q15) -> 1748466483
K19: Elaboró | L19: Ricardo Delgado Montes
L20: Funcionario/Contratista OTI
L21: Responsable Estudio Mercado
K23: Aprobó | L23: Adriana Cetina Hernández
L24: Jefe OTI
L25: Responsable Estudio Mercado

Sheet 5. OPENTEXT
B1: SUPERINTENDENCIA DE INDUSTRIA Y COMERCIO
B2: ESTUDIO DE MERCADO
L3: Fecha Elaboración | M3: =TODAY() -> 46184
C5: VOLVER | E5: ENTELGY | F5: AVVALE | G5: OTAC | H5: ESTUDIO DE PRECIOS 2025 | I5: CALCULOS | O5: PRECIOS DE REFERENCIA
B6: ÍTEM | C6: DESCRIPCIÓN DEL BIEN O SERVICIO | D6: CANTIDAD | E6: VALOR UNITARIO INCLUIDO IVA | F6: VALOR UNITARIO INCLUIDO IVA | G6: VALOR UNITARIO INCLUIDO IVA | H6: VALOR UNITARIO INCLUIDO IVA | I6: PROMEDIO VALOR UNITARIO INCLUIDO IVA | J6: DESVIACION ESTANDAR | K6: LIMITE INFERIOR | L6: LIMITE SUPERIOR | M6: PROMEDIO AJUSTADO VALOR UNITARIO INCLUIDO IVA | O6: VALOR UNITARIO INCLUIDO IVA | P6: VALOR TOTAL INCLUIDO IVA
B7: 1 | C7: Actualización y Soporte Técnico del Fabricante Licencia Blazon Enterprise - Base Module. | D7: 1 | E7: 17329565 | F7: 28395557 | G7: 34499138 | H7: 15836611 | I7: =AVERAGE(E7:H7) -> 24015218 | J7: =_xlfn.STDEV.S(E7:H7) -> 8957073.7 | K7: =I7-J7 -> 15058144 | L7: =I7+J7 -> 32972292 | M7: =ROUND(AVERAGEIFS(E7:H7,E7:H7,">="&K7,E7:H7,"<="&L7),0) -> 20520578 | O7: =ROUND(MIN(I7,M7),0) -> 20520578 | P7: =D7*O7 -> 20520578
B8: 2 | C8: Actualización y Soporte Técnico del Fabricante Licencia Blazon Add - On: OCR (text recognition). | D8: 1 | E8: 11553127 | F8: 28395557 | G8: 34499138 | H8: 10554747 | I8: =AVERAGE(E8:H8) -> 21250642 | J8: =_xlfn.STDEV.S(E8:H8) -> 12041822 | K8: =I8-J8 -> 9208820.6 | L8: =I8+J8 -> 33292464 | M8: =ROUND(AVERAGEIFS(E8:H8,E8:H8,">="&K8,E8:H8,"<="&L8),0) -> 16834477 | O8: =ROUND(MIN(I8,M8),0) -> 16834477 | P8: =D8*O8 -> 16834477
B9: 3 | C9: Actualización y Soporte Técnico del Fabricante Licencia Blazon Enterprise add-on última versión. | D9: 2 | E9: 31211760 | F9: 40409865 | G9: 49096099 | H9: 26581415 | I9: =AVERAGE(E9:H9) -> 36824785 | J9: =_xlfn.STDEV.S(E9:H9) -> 9997843.5 | K9: =I9-J9 -> 26826941 | L9: =I9+J9 -> 46822628 | M9: =ROUND(AVERAGEIFS(E9:H9,E9:H9,">="&K9,E9:H9,"<="&L9),0) -> 35810813 | O9: =ROUND(MIN(I9,M9),0) -> 35810813 | P9: =D9*O9 -> 71621626
B10: 4 | C10: Actualización y Soporte Técnico del Fabricante Licencia Brava! Base Modulo and Add On Redaction últimva versión. | D10: 25 | E10: 382347 | F10: 495024.53 | G10: 601431.95 | H10: 322950.23 | I10: =AVERAGE(E10:H10) -> 450438.43 | J10: =_xlfn.STDEV.S(E10:H10) -> 123391.85 | K10: =I10-J10 -> 327046.57 | L10: =I10+J10 -> 573830.28 | M10: =ROUND(AVERAGEIFS(E10:H10,E10:H10,">="&K10,E10:H10,"<="&L10),0) -> 438686 | O10: =ROUND(MIN(I10,M10),0) -> 438686 | P10: =D10*O10 -> 10967150
B11: VALOR TOTAL | E11: =SUM(E7:E10) -> 60476800 | F11: =SUM(F7:F10) -> 97696005 | G11: =SUM(G7:G10) -> 1.1869581e+08 | H11: =SUM(H7:H10) -> 53295723 | I11: =SUM(I7:I10) -> 82541084 | J11: =SUM(J7:J10) -> 31120131 | K11: =SUM(K7:K10) -> 51420953 | L11: =SUM(L7:L10) -> 1.1366121e+08 | M11: =SUM(M7:M10) -> 73604554 | O11: =SUM(O7:O10) -> 73604554 | P11: =SUM(P7:P10) -> 119943831
J14: Elaboró | K14: Ricardo Delgado Montes
K15: Funcionario/Contratista OTI
K16: Responsable Estudio Mercado
J18: Aprobó | K18: Adriana Cetina Hernández
K19: Jefe OTI
K20: Responsable Estudio Mercado

Sheet 6. RECAPTCHA
B1: SUPERINTENDENCIA DE INDUSTRIA Y COMERCIO
B2: ESTUDIO DE MERCADO
K3: Fecha Elaboración | L3: =TODAY() -> 46184
C5: VOLVER | F5: ROYAL TECH | G5: SENTIENCE AI | H5: CALCULOS | N5: PRECIOS DE REFERENCIA
B6: ÍTEM | C6: DESCRIPCIÓN DEL BIEN O SERVICIO | D6: UNIDAD | E6: CANTIDAD | F6: VALOR UNITARIO | G6: VALOR UNITARIO | H6: PROMEDIO VALOR UNITARIO INCLUIDO IVA | I6: DESVIACION ESTANDAR | J6: LIMITE INFERIOR | K6: LIMITE SUPERIOR | L6: PROMEDIO AJUSTADO VALOR UNITARIO INCLUIDO IVA | N6: VALOR UNITARIO INCLUIDO IVA | O6: VALOR TOTAL INCLUIDO IVA
B7: 1 | C7: Suscripción reCAPTCHA Empresarial - 200.000 assessments/mes | D7: MES | E7: 12 | F7: 570000 | G7: 830000 | H7: =AVERAGE(F7:G7) -> 700000 | I7: =_xlfn.STDEV.S(F7:G7) -> 183847.76 | J7: =H7-I7 -> 516152.24 | K7: =H7+I7 -> 883847.76 | L7: =ROUND(AVERAGEIFS(F7:G7,F7:G7,">="&J7,F7:G7,"<="&K7),0) -> 700000 | N7: =ROUND(MIN(H7,L7),0) -> 700000 | O7: =E7*N7 -> 8400000
B8: 2 | C8: Suscripción reCAPTCHA Empresarial - 250.000 assessments/mes | D8: MES | E8: 12 | F8: 820000 | G8: 600000 | H8: =AVERAGE(F8:G8) -> 710000 | I8: =_xlfn.STDEV.S(F8:G8) -> 155563.49 | J8: =H8-I8 -> 554436.51 | K8: =H8+I8 -> 865563.49 | L8: =ROUND(AVERAGEIFS(F8:G8,F8:G8,">="&J8,F8:G8,"<="&K8),0) -> 710000 | N8: =ROUND(MIN(H8,L8),0) -> 710000 | O8: =E8*N8 -> 8520000
B9: 3 | C9: Servicios de configuración, migración y transferencia de conocimiento | D9: SERVICIOS | E9: 1 | F9: 2082500 | G9: 1780000 | H9: =AVERAGE(F9:G9) -> 1931250 | I9: =_xlfn.STDEV.S(F9:G9) -> 213899.8 | J9: =H9-I9 -> 1717350.2 | K9: =H9+I9 -> 2145149.8 | L9: =ROUND(AVERAGEIFS(F9:G9,F9:G9,">="&J9,F9:G9,"<="&K9),0) -> 1931250 | N9: =ROUND(MIN(H9,L9),0) -> 1931250 | O9: =E9*N9 -> 1931250
B10: VALOR TOTAL | F10: =SUM(F7:F9) -> 3472500 | G10: =SUM(G7:G9) -> 3210000 | H10: =SUM(H7:H9) -> 3341250 | I10: =SUM(I7:I9) -> 553311.06 | J10: =SUM(J7:J9) -> 2787938.9 | K10: =SUM(K7:K9) -> 3894561.1 | L10: =SUM(L7:L9) -> 3341250 | N10: =SUM(N7:N9) -> 3341250 | O10: =SUM(O7:O9) -> 18851250
I13: Elaboró | J13: Ricardo Delgado Montes
J14: Funcionario/Contratista OTI
J15: Responsable Estudio Mercado
I17: Aprobó | J17: Adriana Cetina Hernández
J18: Jefe OTI
J19: Responsable Estudio Mercado

Sheet 7. ZOOM
B1: SUPERINTENDENCIA DE INDUSTRIA Y COMERCIO
B2: ESTUDIO DE MERCADO
L3: Fecha Elaboración | M3: =TODAY() -> 46184
C5: VOLVER | F5: S&S IP | G5: ZEUS | H5: GRUPO DECO | I5: CALCULOS | O5: PRECIOS DE REFERENCIA
B6: ÍTEM | C6: PART NUMBER/SERIAL/SKU | D6: DESCRIPCIÓN DEL BIEN O SERVICIO | E6: CANTIDAD | F6: VALOR UNITARIO INCLUIDO | G6: VALOR UNITARIO INCLUIDO | H6: VALOR UNITARIO INCLUIDO | I6: PROMEDIO VALOR UNITARIO INCLUIDO IVA | J6: DESVIACION ESTANDAR | K6: LIMITE INFERIOR | L6: LIMITE SUPERIOR | M6: PROMEDIO AJUSTADO VALOR UNITARIO INCLUIDO IVA | O6: VALOR UNITARIO INCLUIDO IVA | P6: VALOR TOTAL INCLUIDO IVA
B7: 1 | C7: Z1-ESS-1-1YR | D7: Licencia Zoom One Enterprise - Essentials | E7: 56 | F7: 1195117 | G7: 1623000 | H7: 924435 | I7: =AVERAGE(F7:H7) -> 1247517.3 | J7: =_xlfn.STDEV.S(F7:H7) -> 352218.13 | K7: =I7-J7 -> 895299.2 | L7: =I7+J7 -> 1599735.5 | M7: =ROUND(AVERAGEIFS(F7:H7,F7:H7,">="&K7,F7:H7,"<="&L7),0) -> 1059776 | O7: =ROUND(MIN(I7,M7),0) -> 1059776 | P7: =E7*O7 -> 59347456
B8: VALOR TOTAL | F8: =SUM(F7:F7) -> 1195117 | G8: =SUM(G7:G7) -> 1623000 | H8: =SUM(H7:H7) -> 924435 | I8: =SUM(I7:I7) -> 1247517.3 | J8: =SUM(J7:J7) -> 352218.13 | K8: =SUM(K7:K7) -> 895299.2 | L8: =SUM(L7:L7) -> 1599735.5 | M8: =SUM(M7:M7) -> 1059776 | O8: =SUM(O7:O7) -> 1059776 | P8: =SUM(P7:P7) -> 59347456
J11: Elaboró | K11: Ricardo Delgado Montes
K12: Funcionario/Contratista OTI
K13: Responsable Estudio Mercado
J15: Aprobó | K15: Adriana Cetina Hernández
K16: Jefe OTI
K17: Responsable Estudio Mercado

Sheet 8. ADOBE
B1: SUPERINTENDENCIA DE INDUSTRIA Y COMERCIO
B2: ESTUDIO DE MERCADO
M3: Fecha Elaboración | N3: =TODAY() -> 46184
C5: VOLVER | F5: PC MAC | G5: MEGACAD | H5: GOLDSYS | I5: CYFORSEC | J5: CALCULOS | P5: PRECIOS DE REFERENCIA
B6: ÍTEM | C6: PART NUMBER/SERIAL/SKU | D6: DESCRIPCIÓN DEL BIEN O SERVICIO | E6: CANTIDAD | F6: VALOR UNITARIO | G6: VALOR UNITARIO | H6: VALOR UNITARIO | I6: VALOR UNITARIO | J6: PROMEDIO VALOR UNITARIO INCLUIDO IVA | K6: DESVIACION ESTANDAR | L6: LIMITE INFERIOR | M6: LIMITE SUPERIOR | N6: PROMEDIO AJUSTADO VALOR UNITARIO INCLUIDO IVA | P6: VALOR UNITARIO INCLUIDO IVA | Q6: VALOR TOTAL INCLUIDO IVA
B7: 1 | C7: A2FCFEC4D40C137C3E7A | D7: Acrobat Pro. Nota: Incluir instalación y soporte técnico de la herramienta adquirida | E7: 15 | F7: 1402000 | G7: 1243954 | H7: 1390000 | I7: 1927200 | J7: =AVERAGE(F7:I7) -> 1490788.5 | K7: =_xlfn.STDEV.S(F7:I7) -> 299679.82 | L7: =J7-K7 -> 1191108.7 | M7: =J7+K7 -> 1790468.3 | N7: =ROUND(AVERAGEIFS(F7:I7,F7:I7,">="&L7,F7:I7,"<="&M7),0) -> 1345318 | P7: =ROUND(MIN(J7,N7),0) -> 1345318 | Q7: =E7*P7 -> 20179770
B8: 1 | C8: A2FCFEC4D40C137C3E7A | D8: Creative Cloud Todas las aplicaciones Nota: Incluir instalación y soporte técnico de la herramienta adquirida | E8: 6 | F8: 6246500 | G8: 5541364 | H8: 6200000 | I8: 3890600 | J8: =AVERAGE(F8:I8) -> 5469616 | K8: =_xlfn.STDEV.S(F8:I8) -> 1100825.3 | L8: =J8-K8 -> 4368790.7 | M8: =J8+K8 -> 6570441.3 | N8: =ROUND(AVERAGEIFS(F8:I8,F8:I8,">="&L8,F8:I8,"<="&M8),0) -> 5995955 | P8: =ROUND(MIN(J8,N8),0) -> 5469616 | Q8: =E8*P8 -> 32817696
B9: VALOR TOTAL | F9: =SUM(F7:F8) -> 7648500 | G9: =SUM(G7:G8) -> 6785318 | H9: =SUM(H7:H8) -> 7590000 | I9: =SUM(I7:I8) -> 5817800 | J9: =SUM(J7:J8) -> 6960404.5 | K9: =SUM(K7:K8) -> 1400505.1 | L9: =SUM(L7:L8) -> 5559899.4 | M9: =SUM(M7:M8) -> 8360909.6 | N9: =SUM(N7:N8) -> 7341273 | P9: =SUM(P7:P8) -> 6814934 | Q9: =SUM(Q7:Q8) -> 52997466
K12: Elaboró | L12: Ricardo Delgado Montes
L13: Funcionario/Contratista OTI
L14: Responsable Estudio Mercado
K16: Aprobó | L16: Adriana Cetina Hernández
L17: Jefe OTI
L18: Responsable Estudio Mercado

Sheet 9. AUTOCAD
B1: SUPERINTENDENCIA DE INDUSTRIA Y COMERCIO
B2: ESTUDIO DE MERCADO
L3: Fecha Elaboración | M3: =TODAY() -> 46184
C5: VOLVER | F5: GRUPO DECO | G5: GOLDSYS | H5: CYFORSEC | I5: CALCULOS | O5: PRECIOS DE REFERENCIA
B6: ÍTEM | C6: PART NUMBER/SERIAL/SKU | D6: DESCRIPCIÓN DEL BIEN O SERVICIO | E6: CANTIDAD | F6: VALOR UNITARIO | G6: VALOR UNITARIO | H6: VALOR UNITARIO | I6: PROMEDIO VALOR UNITARIO | J6: DESVIACION ESTANDAR | K6: LIMITE INFERIOR | L6: LIMITE SUPERIOR | M6: PROMEDIO AJUSTADO VALOR UNITARIO | O6: VALOR UNITARIO | P6: VALOR TOTAL
B7: 1 | C7: 575-09939724 | D7: AutoCAD - including specialized toolsets AD. última versión permita visualización y edición Nota: Incluir instalación y soporte técnico de la herramienta adquirida | E7: 1 | F7: 7642419 | G7: 11000000 | H7: 14568800 | I7: =AVERAGE(F7:H7) -> 11070406 | J7: =_xlfn.STDEV.S(F7:H7) -> 3463727.2 | K7: =I7-J7 -> 7606679.1 | L7: =I7+J7 -> 14534134 | M7: =ROUND(AVERAGEIFS(E7:H7,E7:H7,">="&K7,E7:H7,"<="&L7),0) -> 9321210 | O7: =ROUND(MIN(I7,M7),0) -> 9321210 | P7: =E7*O7 -> 9321210
B8: VALOR TOTAL | F8: =SUM(F7:F7) -> 7642419 | G8: =SUM(G7:G7) -> 11000000 | H8: =SUM(H7:H7) -> 14568800 | I8: =SUM(I7:I7) -> 11070406 | J8: =SUM(J7:J7) -> 3463727.2 | K8: =SUM(K7:K7) -> 7606679.1 | L8: =SUM(L7:L7) -> 14534134 | M8: =SUM(M7:M7) -> 9321210 | O8: =SUM(O7:O7) -> 9321210 | P8: =SUM(P7:P7) -> 9321210
C11: Aclaración tributaria – Exclusión de IVA De conformidad con lo establecido en el Decreto 1412 de 2017, reglamentario del artículo 476 del Estatuto Tributario, la solución de software objeto del presente proceso corresponde a una herramienta especializada orientada al desarrollo, diseño, modelado y generación de contenidos digitales mediante entornos gráficos y técnicos avanzados. En virtud de lo anterior, y considerando que el software se encuentra destinado a actividades asociadas al desarrollo de contenidos digitales y procesamiento gráfico especializado, su licenciamiento podrá acogerse al tratamiento de exclusión del impuesto sobre las ventas (IVA), conforme a la normatividad vigente aplicable al sector de tecnologías de la información y contenidos digitales. La aplicación de dicho tratamiento tributario se encuentra sujeta a la destinación funcional del software, así como al cumplimiento de los requisitos regulatorios y documentales exigidos por las autoridades competentes. | J11: Elaboró | K11: Ricardo Delgado Montes
K12: Funcionario/Contratista OTI
K13: Responsable Estudio Mercado
J15: Aprobó | K15: Adriana Cetina Hernández
K16: Jefe OTI
K17: Responsable Estudio Mercado

Sheet 10. PLUMSAIL
B1: SUPERINTENDENCIA DE INDUSTRIA Y COMERCIO
B2: ESTUDIO DE MERCADO
J3: Fecha Elaboración | K3: =TODAY() -> 46184
C5: VOLVER | E5: GOLDSYS | F5: CYFORSEC | G5: CALCULOS | M5: PRECIOS DE REFERENCIA
B6: ÍTEM | C6: DESCRIPCIÓN DEL BIEN O SERVICIO | D6: CANTIDAD | E6: VALOR UNITARIO INCLUIDO IVA | F6: VALOR UNITARIO INCLUIDO IVA | G6: PROMEDIO VALOR UNITARIO INCLUIDO IVA | H6: DESVIACION ESTANDAR | I6: LIMITE INFERIOR | J6: LIMITE SUPERIOR | K6: PROMEDIO AJUSTADO VALOR UNITARIO INCLUIDO IVA | M6: VALOR UNITARIO INCLUIDO IVA | N6: VALOR TOTAL INCLUIDO IVA
B7: 1 | C7: Plumsail Cabinet 3000 Monthly Documents - Government One Year License - Single User - ESD – Nota: Incluir instalación y soporte técnico de la herramienta adquirida | D7: 1 | E7: 32114530 | F7: 29800200 | G7: =AVERAGE(E7:F7) -> 30957365 | H7: =_xlfn.STDEV.S(E7:F7) -> 1636478.4 | I7: =G7-H7 -> 29320887 | J7: =G7+H7 -> 32593843 | K7: =ROUND(AVERAGEIFS(E7:F7,E7:F7,">="&I7,E7:F7,"<="&J7),0) -> 30957365 | M7: =ROUND(MIN(G7,K7),0) -> 30957365 | N7: =D7*M7 -> 30957365
B8: VALOR TOTAL | E8: =SUM(E7:E7) -> 32114530 | F8: =SUM(F7:F7) -> 29800200 | G8: =SUM(G7:G7) -> 30957365 | H8: =SUM(H7:H7) -> 1636478.4 | I8: =SUM(I7:I7) -> 29320887 | J8: =SUM(J7:J7) -> 32593843 | K8: =SUM(K7:K7) -> 30957365 | M8: =SUM(M7:M7) -> 30957365 | N8: =SUM(N7:N7) -> 30957365
H11: Elaboró | I11: Ricardo Delgado Montes
I12: Funcionario/Contratista OTI
I13: Responsable Estudio Mercado
H15: Aprobó | I15: Adriana Cetina Hernández
I16: Jefe OTI
I17: Responsable Estudio Mercado

Sheet 11. LICENCIAS WEB
B1: SUPERINTENDENCIA DE INDUSTRIA Y COMERCIO
B2: ESTUDIO DE MERCADO
L3: Fecha Elaboración | M3: =TODAY() -> 46184
C5: VOLVER | E5: GRUPO DECO | F5: GOLDSYS | G5: CYFORSEC | H5: VALORES CONTRATO 1593 2025 | I5: CALCULOS | O5: PRECIOS DE REFERENCIA
B6: ÍTEM | C6: DESCRIPCIÓN DEL BIEN O SERVICIO | D6: CANTIDAD | E6: VALOR UNITARIO INCLUIDO IVA | F6: VALOR UNITARIO INCLUIDO IVA | G6: VALOR UNITARIO INCLUIDO IVA | H6: VALOR UNITARIO INCLUIDO IVA | I6: PROMEDIO VALOR UNITARIO INCLUIDO IVA | J6: DESVIACION ESTANDAR | K6: LIMITE INFERIOR | L6: LIMITE SUPERIOR | M6: PROMEDIO AJUSTADO VALOR UNITARIO INCLUIDO IVA | O6: VALOR UNITARIO INCLUIDO IVA | P6: VALOR TOTAL INCLUIDO IVA
B7: 1 | C7: Suscripción premium Issu premium online por un año última versión con publicaciones ilimitadas. Nota: Incluir soporte técnico de la herramienta adquirida y la respectiva instalación y el pago de la suscripción se realizaría en un solo pago. | D7: 1 | F7: 2023000 | G7: 26682656 | H7: 11035500 | I7: =AVERAGE(E7:H7) -> 13247052 | J7: =_xlfn.STDEV.S(E7:H7) -> 12477695 | K7: =I7-J7 -> 769356.69 | L7: =I7+J7 -> 25724747 | M7: =ROUND(AVERAGEIFS(E7:H7,E7:H7,">="&K7,E7:H7,"<="&L7),0) -> 6529250 | O7: =ROUND(MIN(I7,M7),0) -> 6529250 | P7: =D7*O7 -> 6529250
B8: 2 | C8: Freepik Teams Plan suscripción por un año con 4 seat, que permita como mínimo la descarga de 10 imágenes diarias. Nota: Incluir soporte técnico de la herramienta adquirida e instalación y el pago de la suscripción se realizaría en un solo pago. | D8: 1 | E8: 3882700 | F8: 4165000 | G8: 24100832 | I8: =AVERAGE(E8:H8) -> 10716177 | J8: =_xlfn.STDEV.S(E8:H8) -> 11592310 | K8: =I8-J8 -> -876132.99 | L8: =I8+J8 -> 22308488 | M8: =ROUND(AVERAGEIFS(E8:H8,E8:H8,">="&K8,E8:H8,"<="&L8),0) -> 4023850 | O8: =ROUND(MIN(I8,M8),0) -> 4023850 | P8: =D8*O8 -> 4023850
B9: 3 | C9: Suscripción Spreaker Broadcaster por un año. Nota: Incluir soporte técnico de la herramienta adquirida e instalación y el pago de la suscripción se realizaría en un solo pago. | D9: 1 | F9: 1844500 | G9: 3746120 | H9: 1198140 | I9: =AVERAGE(E9:H9) -> 2262920 | J9: =_xlfn.STDEV.S(E9:H9) -> 1324521.4 | K9: =I9-J9 -> 938398.58 | L9: =I9+J9 -> 3587441.4 | M9: =ROUND(AVERAGEIFS(E9:H9,E9:H9,">="&K9,E9:H9,"<="&L9),0) -> 1521320 | O9: =ROUND(MIN(I9,M9),0) -> 1521320 | P9: =D9*O9 -> 1521320
B10: 4 | C10: Suscripción premium Figma online con 3 asientos para diseñador y 3 asientos de figjam por un año, última versión. Nota: Incluir soporte técnico de la herramienta adquirida por el tiempo de la suscripción e instalación y el pago de la suscripción se realizaría en un solo pago. | D10: 1 | F10: 5224100 | G10: 8818376 | H10: 3384220 | I10: =AVERAGE(E10:H10) -> 5808898.7 | J10: =_xlfn.STDEV.S(E10:H10) -> 2763875 | K10: =I10-J10 -> 3045023.7 | L10: =I10+J10 -> 8572773.7 | M10: =ROUND(AVERAGEIFS(E10:H10,E10:H10,">="&K10,E10:H10,"<="&L10),0) -> 4304160 | O10: =ROUND(MIN(I10,M10),0) -> 4304160 | P10: =D10*O10 -> 4304160
B11: 5 | C11: Suscripción Metricool Advance. Mínimo para dos marcas, que se puedan tener todas las redes sociales activas de la entidad (6), con 3 perfiles para manejar la aplicación. Nota: Incluir soporte técnico de la herramienta adquirida por el tiempo de la suscripción e instalación y el pago de la suscripción se realizaría en un solo pago. | D11: 1 | E11: 2773347 | F11: 6735043 | G11: 7430360 | H11: 2732600 | I11: =AVERAGE(E11:H11) -> 4917837.5 | J11: =_xlfn.STDEV.S(E11:H11) -> 2515890 | K11: =I11-J11 -> 2401947.5 | L11: =I11+J11 -> 7433727.5 | M11: =ROUND(AVERAGEIFS(E11:H11,E11:H11,">="&K11,E11:H11,"<="&L11),0) -> 4917838 | O11: =ROUND(MIN(I11,M11),0) -> 4917838 | P11: =D11*O11 -> 4917838
B12: 6 | C12: Suscripción Articulate 360 Teams Plan última versión por un año. Nota: Incluir soporte técnico de la herramienta adquirida e instalación y el pago de la suscripción se realizaría en un solo pago. | D12: 2 | F12: 26120500 | G12: 15328628 | H12: 7609240 | I12: =AVERAGE(E12:H12) -> 16352789 | J12: =_xlfn.STDEV.S(E12:H12) -> 9298030.2 | K12: =I12-J12 -> 7054759.1 | L12: =I12+J12 -> 25650820 | M12: =ROUND(AVERAGEIFS(E12:H12,E12:H12,">="&K12,E12:H12,"<="&L12),0) -> 11468934 | O12: =ROUND(MIN(I12,M12),0) -> 11468934 | P12: =D12*O12 -> 22937868
B13: 7 | C13: StreamYard Básico última versión por un año. Nota: Incluir soporte técnico de la herramienta adquirida e instalación y el pago de la suscripción se realizaría en un solo pago. | D13: 1 | E13: 2449800 | F13: 5581100 | G13: 5219816 | H13: 2123020 | I13: =AVERAGE(E13:H13) -> 3843434 | J13: =_xlfn.STDEV.S(E13:H13) -> 1808862.5 | K13: =I13-J13 -> 2034571.5 | L13: =I13+J13 -> 5652296.5 | M13: =ROUND(AVERAGEIFS(E13:H13,E13:H13,">="&K13,E13:H13,"<="&L13),0) -> 3843434 | O13: =ROUND(MIN(I13,M13),0) -> 3843434 | P13: =D13*O13 -> 3843434
B14: 8 | C14: Survey Monkey Plan Individual Avanzado suscripción por un (1) año. Nota: Incluir soporte técnico de la herramienta adquirida e instalación y el pago de la suscripción se realizaría en un solo pago. | D14: 1 | F14: 4522000 | G14: 3489080 | H14: 1156100 | I14: =AVERAGE(E14:H14) -> 3055726.7 | J14: =_xlfn.STDEV.S(E14:H14) -> 1724287.4 | K14: =I14-J14 -> 1331439.3 | L14: =I14+J14 -> 4780014.1 | M14: =ROUND(AVERAGEIFS(E14:H14,E14:H14,">="&K14,E14:H14,"<="&L14),0) -> 4005540 | O14: =ROUND(MIN(I14,M14),0) -> 3055727 | P14: =D14*O14 -> 3055727
B15: VALOR TOTAL | E15: =SUM(E7:E14) -> 9105847 | F15: =SUM(F7:F14) -> 56215243 | G15: =SUM(G7:G14) -> 94815868 | H15: 30268800 | I15: =SUM(I7:I14) -> 60204836 | J15: =SUM(J7:J14) -> 43505472 | K15: =SUM(K7:K14) -> 16699363 | L15: =SUM(L7:L14) -> 1.0371031e+08 | M15: =SUM(M7:M14) -> 40614326 | O15: =SUM(O7:O14) -> 39664513 | P15: =SUM(P7:P14) -> 51133447
J18: Elaboró | K18: Ricardo Delgado Montes
K19: Funcionario/Contratista OTI
K20: Responsable Estudio Mercado
J22: Aprobó | K22: Adriana Cetina Hernández
K23: Jefe OTI
K24: Responsable Estudio Mercado

Sheet 12. INFORMIX
B1: SUPERINTENDENCIA DE INDUSTRIA Y COMERCIO
B2: ESTUDIO DE MERCADO
M3: Fecha Elaboración | N3: =TODAY() -> 46184
C5: VOLVER | F5: ANALITICA Y GESTION | G5: OPTIMIZE IT | H5: FACTOR IT | I5: CONTROLES EMPRESARIALES | J5: CALCULOS | P5: PRECIOS DE REFERENCIA
B6: ÍTEM | C6: PART NUMBER/SERIAL/SKU | D6: DESCRIPCIÓN DEL BIEN O SERVICIO | E6: CANTIDAD | F6: VALOR UNITARIO INCLUIDO IVA | G6: VALOR UNITARIO INCLUIDO IVA | H6: VALOR UNITARIO INCLUIDO IVA | I6: VALOR UNITARIO INCLUIDO IVA | J6: PROMEDIO VALOR UNITARIO INCLUIDO IVA | K6: DESVIACION ESTANDAR | L6: LIMITE INFERIOR | M6: LIMITE SUPERIOR | N6: PROMEDIO AJUSTADO VALOR UNITARIO INCLUIDO IVA | P6: VALOR UNITARIO INCLUIDO IVA | Q6: VALOR TOTAL INCLUIDO IVA
B7: 1 | C7: E08SLLL | D7: Renovación de Soporte IBM Informix Enterprise Edition CPU Option Processor Value Unit (PVU) Annual SW Suscription & Support Renewal | E7: 700 | F7: 654864.14 | G7: 798792.26 | H7: 409427 | I7: 592647.37 | J7: =AVERAGE(F7:I7) -> 613932.69 | K7: =_xlfn.STDEV.S(F7:I7) -> 161373.36 | L7: =J7-K7 -> 452559.33 | M7: =J7+K7 -> 775306.05 | N7: =ROUND(AVERAGEIFS(F7:I7,F7:I7,">="&L7,F7:I7,"<="&M7),0) -> 623756 | P7: =ROUND(MIN(J7,N7),0) -> 613933 | Q7: =E7*P7 -> 429753100
B8: 1 | C8: E0BQ7LL | D8: IBM Informix Advanced Enterprise Edition CPU Option Processor Value Unit (PVU) Annual SW Subscription & Support Renewal | E8: 100 | F8: 810910.03 | G8: 989133.95 | H8: 825568 | I8: 1195138.4 | J8: =AVERAGE(F8:I8) -> 955187.6 | K8: =_xlfn.STDEV.S(F8:I8) -> 179207.52 | L8: =J8-K8 -> 775980.08 | M8: =J8+K8 -> 1134395.1 | N8: =ROUND(AVERAGEIFS(F8:I8,F8:I8,">="&L8,F8:I8,"<="&M8),0) -> 875204 | P8: =ROUND(MIN(J8,N8),0) -> 875204 | Q8: =E8*P8 -> 87520400
B9: VALOR TOTAL | F9: =SUM(F7:F8) -> 1465774.2 | G9: =SUM(G7:G8) -> 1787926.2 | H9: =SUM(H7:H8) -> 1234995 | I9: =SUM(I7:I8) -> 1787785.8 | J9: =SUM(J7:J8) -> 1569120.3 | K9: =SUM(K7:K8) -> 340580.89 | L9: =SUM(L7:L8) -> 1228539.4 | M9: =SUM(M7:M8) -> 1909701.2 | N9: =SUM(N7:N8) -> 1498960 | P9: =SUM(P7:P8) -> 1489137 | Q9: =SUM(Q7:Q8) -> 517273500
K12: Elaboró | L12: Ricardo Delgado Montes
L13: Funcionario/Contratista OTI
L14: Responsable Estudio Mercado
K16: Aprobó | L16: Adriana Cetina Hernández
L17: Jefe OTI
L18: Responsable Estudio Mercado
